AoeStats
← Bzurker

Black Forest

509954960Analyzed
4v4 RM · 3d ago on Sep 28, 2026· 75m 50s· 8 players
Game mode
Random Map
Map size
Large (8 player)
Population
200
Speed
Normal
Resources
Standard
Victory
Conquest
Starting age
Dark Age
Ending age
Imperial Age
RankedLock teamsTeams togetherTeam positionsShared explorationLock speedFull tech treeHidden civsTurbo modeCheats
Victory
Defeat
🇹🇷 Celts · Türkiye
1014
+13
🇮🇳 Chinese · India
936
+16
🇹🇷 Cumans · Türkiye
932
+16
🇹🇷 Goths · Türkiye
922
+17
🇳🇱 Varangians · Netherlands
949
-16
941
-16
🇳🇱 Romans · Netherlands
935
-15
🇹🇷 Turks · Türkiye
931
-15
Bzurker
2:02 Loom
12:55 Feudal Age
17:48 Castle Age
16:10 Fishing Lines
17:03 Double-Bit Axe
21:05 Gillnets
23:18 Bow Saw
28:47 Scale Barding Armor
28:53 Forging
31:58 Scale Mail Armor
32:35 Iron Casting
36:37 Imperial Age
34:43 Wheelbarrow
36:38 Chain Barding Armor
36:33 Chain Mail Armor
36:29 Squires
37:54 Hand Cart
37:43 Gold Mining
37:46 Stone Mining
37:42 Horse Collar
38:55 Elite Jarl
38:58 Gothikon
39:58 Conscription
40:14 Plate Mail Armor
40:44 Blast Furnace
40:20 Plate Barding Armor
39:45 Padded Archer Armor
39:36 Fletching
40:54 Two-Man Saw
40:00 Elite Varangian Guard
40:29 Arson
42:01 Husbandry
42:12 Bloodlines
43:32 Chemistry
42:53 Ballistics
42:14 Treadmill Crane
42:40 Siege Engineers
42:48 Light Cavalry
44:44 Leather Archer Armor
44:24 Bodkin Arrow
47:53 Stone Shaft Mining
48:30 Heavy Plow
48:39 Caravan
49:47 Hussar
52:27 Masonry
54:12 Pikeman
55:12 Halberdier
56:55 Crop Rotation
69:42 Ring Archer Armor
69:13 Bracer
68:46 Elite Skirmisher
70:46 Architecture
Pepernoot
7:37 Loom
11:44 Feudal Age
12:32 Double-Bit Axe
16:54 Castle Age
16:29 Horse Collar
16:38 Double-Bit Axe
18:46 Bow Saw
23:16 Forging
23:12 Scale Barding Armor
24:11 Iron Casting
30:54 Wheelbarrow
30:15 Man-at-Arms
30:57 Scale Mail Armor
31:10 Heavy Plow
31:08 Stone Mining
32:34 Hand Cart
32:24 Long Swordsman
33:21 Chain Mail Armor
34:55 Gold Mining
38:02 Imperial Age
36:45 Chain Barding Armor
37:17 Squires
39:04 Gold Shaft Mining
38:03 Legionary
40:24 Blast Furnace
41:01 Crop Rotation
41:16 Comitatenses
41:49 Plate Barding Armor
41:36 Elite Centurion
42:46 Bloodlines
42:37 Husbandry
43:23 Conscription
47:02 Pikeman
48:22 Halberdier
49:50 Caravan
50:26 Town Watch
52:10 Town Patrol
57:00 Coinage
58:31 Banking
61:35 Siege Engineers
61:50 Ballistics
King Lear
0:32 Loom
17:24 Feudal Age
18:05 Double-Bit Axe
24:57 Castle Age
27:05 Bow Saw
28:52 Horse Collar
30:45 Wheelbarrow
30:43 Gold Mining
31:30 Stone Mining
33:25 Hand Cart
34:53 Heavy Plow
39:23 Imperial Age
40:32 Gold Shaft Mining
40:10 Artillery
40:31 Conscription
41:34 Husbandry
42:04 Forging
48:54 Scale Barding Armor
61:57 Two-Man Saw
Juan Carlos Bodoque
0:35 Loom
13:16 Feudal Age
15:12 Double-Bit Axe
19:04 Wheelbarrow
18:15 Town Watch
18:14 Horse Collar
18:31 Stone Mining
18:31 Gold Mining
22:06 Forging
21:56 Scale Mail Armor
23:12 Fletching
zizaxo
3:13 Loom
12:13 Feudal Age
18:14 Castle Age
16:48 Horse Collar
16:59 Stone Mining
18:01 Double-Bit Axe
20:12 Wheelbarrow
22:53 Hand Cart
28:52 Fishing Lines
29:18 Gold Mining
30:16 Bow Saw
30:06 Heavy Plow
30:46 Stone Shaft Mining
34:41 Imperial Age
32:26 Forging
32:17 Scale Mail Armor
32:23 Scale Barding Armor
33:42 Caravan
34:44 Chain Mail Armor
35:05 Iron Casting
35:06 Fletching
35:37 Chain Barding Armor
35:18 Padded Archer Armor
35:24 Anarchy
34:46 Elite Huskarl
35:47 Conscription
34:52 Pikeman
35:32 Squires
36:36 Two-Man Saw
36:07 Crop Rotation
38:03 Blast Furnace
36:43 Halberdier
37:37 Perfusion
37:27 Treadmill Crane
38:14 Ballistics
38:05 Padded Archer Armor
38:01 Bodkin Arrow
39:37 Chemistry
38:02 Onager
40:06 Leather Archer Armor
39:52 Bracer
72:39 Elite Skirmisher
73:54 Ring Archer Armor
Furkan
10:16 Feudal Age
16:10 Castle Age
16:07 Double-Bit Axe
17:46 Capped Ram
20:09 Bow Saw
23:14 Horse Collar
24:29 Gold Mining
25:36 Loom
29:08 Gold Shaft Mining
29:29 Stone Mining
29:53 Heavy Plow
33:31 Wheelbarrow
32:42 Town Watch
37:28 Imperial Age
35:19 Hand Cart
37:31 Town Patrol
38:06 Scale Barding Armor
38:11 Forging
40:02 Two-Man Saw
39:27 Chain Barding Armor
39:28 Cavalier
41:16 Paladin
43:35 Plate Barding Armor
43:36 Iron Casting
50:31 Caravan
51:01 Coinage
53:44 Coinage
53:24 Guilds
55:18 Blast Furnace
54:19 Scale Mail Armor
58:30 Onager
61:01 Banking
61:15 Siege Onager
68:04 Elite Steppe Lancer
70:33 Chemistry
StudbooSenpai
0:34 Loom
18:10 Feudal Age
19:58 Wheelbarrow
19:05 Horse Collar
20:40 Double-Bit Axe
22:15 Fishing Lines
24:02 Town Watch
28:31 Gold Mining
31:37 Castle Age
29:57 Forging
29:49 Scale Mail Armor
31:50 Arson
31:27 Man-at-Arms
32:56 Iron Casting
32:37 Chain Mail Armor
32:15 Gillnets
32:45 Bow Saw
32:44 Long Swordsman
33:24 Squires
34:27 Gold Shaft Mining
34:56 Hand Cart
39:48 Imperial Age
37:21 Town Patrol
38:01 Caravan
41:02 Coinage
41:35 Blast Furnace
41:05 Plate Mail Armor
39:57 Two-Handed Swordsman
41:26 Conscription
42:15 Champion
43:46 Banking
43:45 Pikeman
45:01 Halberdier
55:28 Two-Man Saw
72:06 Elite Fire Lancer
siyah1903beyaz80
10:12 Feudal Age
10:39 Double-Bit Axe
13:00 Man-at-Arms
13:57 Forging
13:36 Arson
14:33 Scale Mail Armor
26:22 Castle Age
24:07 Horse Collar
24:20 Gold Mining
27:17 Bow Saw
28:13 Heavy Plow
29:34 Wheelbarrow
29:59 Chain Mail Armor
29:06 Long Swordsman
29:08 Pikeman
29:45 Stone Mining
31:10 Iron Casting
31:17 Gold Shaft Mining
31:50 Hand Cart
32:30 Stone Shaft Mining
35:19 Gambesons
38:29 Fletching
43:04 Imperial Age
42:51 Bodkin Arrow
43:22 Two-Handed Swordsman
43:34 Heavy Scorpion
45:40 Conscription
46:35 Blast Furnace
45:09 Champion
48:03 Furor Celtica
49:23 Ballistics
48:53 Heated Shot
50:39 Heated Shot
51:50 Chemistry
53:00 Guilds
62:38 Halberdier
68:53 Plate Mail Armor
Connection lost

Rejoining the realm…

Still unreachable

The connection could not be restored.

Session expired

The server has moved on; the page needs a fresh start.